 Dungeon Crawl Stone Soup version 0.30-a0-672-gc3a7216ad8 (webtiles) character file.

Game seed: 712399284599711259

251990 voltaire321 the Warrior (level 18, -3/156 HPs)
             Began as a Demonspawn Artificer on Jan 17, 2023.
             Was the Champion of Hepliaklqana.
             Slain by an Ice Fiend (13 damage)
             ... in an ice cave on Jan 18, 2023.
             The game lasted 02:56:03 (38004 turns).

voltaire321 the Warrior (Demonspawn Artificer)     Turns: 38004, Time: 02:56:03

Health: -3/156     AC: 19    Str: 15    XL:     18   Next: 95%
Magic:  26/30      EV: 19    Int: 10    God:    Hepliaklqana [******]
Gold:   2835       SH: 22    Dex: 17    Spells: 23/33 levels left

rFire   + + .      SeeInvis +    M - +10 lance "Wyrmbane" {slay drac, rPois rF+ rC+ AC+3}
rCold   + + .      Faith    .    g - +4 kite shield {reflect}
rNeg    + + +      Spirit   .    o - +1 leather armour of Fedhas's Wrath {rElec}
rPois   +          Reflect  +    (helmet unavailable)
rElec   +          Harm     .    H - +2 cloak {Stlth+}
rCorr   .          Rampage  .    P - +2 pair of gloves
Will    +....                    E - +2 pair of boots
Stlth   ++++                     G - amulet "Sicaixka" {Reflect rN+ SH+5 Stlth+}
HPRegen 0.46/turn                a - ring of protection from cold
MPRegen 0.22/turn                X - ring "Yntof" {+Blink rPois rF+ rN++ Int-3}

@: no status effects
A: reduced essence, antennae 3, rugged brown scales 2, powered by death 3,
robust 1, spiny 2, dopey 1, MP-powered wands
}: 2/15 runes: decaying, gossamer
a: Renounce Religion, Evoke Blink, Recall Ancestor, Ancestor Identity,
Transference, Idealise


You were in an ice cave.
You worshipped Hepliaklqana.
Hepliaklqana was exalted by your worship.
You visited 7 branches of the dungeon, and saw 32 of its levels.
You also visited: Gauntlet and Ice Cave.

You collected 2973 gold pieces.
You spent 138 gold pieces at shops.

Inventory:

Hand Weapons
 D - the +9 spear "Rosos" {heavy, rN+ Int+2 Dex+3}
   (You found it on level 5 of the Dungeon)

   Int:       It affects your intelligence (+2).
   Dex:       It affects your dexterity (+3).
   rN:        It protects you from negative energy.
 M - the +10 lance "Wyrmbane" (weapon) {slay drac, rPois rF+ rC+ AC+3}
   (You took it off Maggie on level 8 of the Dungeon)

   AC:        It affects your AC (+3).
   rF:        It protects you from fire.
   rC:        It protects you from cold.
   rPois:     It protects you from poison.
Armour
 g - a +4 kite shield of reflection (worn)
 o - the +1 leather armour of Fedhas's Wrath (worn) {rElec}
   (You found it on level 6 of the Dungeon)

   rElec:     It insulates you from electricity.
 E - a +2 pair of boots (worn)
 H - a +2 cloak of stealth (worn)
 N - +0 acid dragon scales
 P - a +2 pair of gloves (worn)
 U - a +3 ring mail of cold resistance
Jewellery
 a - a ring of protection from cold (left hand)
 h - a ring of protection from cold
 l - a ring of wizardry
 x - a +4 ring of slaying
 G - the amulet "Sicaixka" (around neck) {Reflect rN+ SH+5 Stlth+}
   (You found it on level 6 of the Dungeon)

   [amulet of reflection]

   It reflects blocked missile attacks.
   rN:        It protects you from negative energy.
   SH:        It affects your SH (+5).
   Stlth:     It makes you more stealthy.
 X - the ring "Yntof" (right hand) {+Blink rPois rF+ rN++ Int-3}
   (You found it in a Gauntlet)

   [ring of protection from fire]

   Int:       It affects your intelligence (-3).
   rF:        It protects you from fire.
   rPois:     It protects you from poison.
   rN:        It greatly protects you from negative energy.
   +Blink:    It lets you blink.
 Y - a ring of willpower
Wands
 c - a wand of flame (61)
 d - a wand of charming (15)
 e - a wand of iceblast (51)
 z - a wand of acid (19)
 A - a wand of digging (23)
 J - a wand of polymorph (39)
 L - a wand of paralysis (27)
 O - a wand of mindburst (28)
Scrolls
 b - 7 scrolls of fear
 f - 4 scrolls of silence
 k - 7 scrolls of amnesia
 n - 5 scrolls of fog
 p - 2 scrolls of blinking
 r - 11 scrolls of poison
 t - 4 scrolls of teleportation
 u - 4 scrolls of summoning
 w - 7 scrolls of identify
 y - a scroll of magic mapping
 I - 4 scrolls of enchant weapon
Potions
 i - 6 potions of curing
 j - 4 potions of ambrosia
 m - 6 potions of brilliance
 q - 4 potions of lignification
 s - 5 potions of invisibility
 v - 5 potions of mutation
 C - 7 potions of flight
 F - 8 potions of magic
 Q - 3 potions of cancellation
 R - a potion of resistance
 S - 4 potions of berserk rage
 T - 5 potions of haste
 V - a potion of might


   Skills:
 + Level 15.3 Fighting
 - Level 12.0 Polearms
 - Level 7.0 Armour
 + Level 14.1 Dodging
 - Level 1.3 Stealth
 + Level 13.9 Shields
 - Level 8.0 Spellcasting
 + Level 9.0 Conjurations
 * Level 6.9 Air Magic
 - Level 6.0 Earth Magic
 - Level 10.0 Invocations
 - Level 7.0 Evocations


You had 23 spell levels left.
You knew the following spells:

 Your Spells              Type           Power      Damage    Failure   Level
a - Stone Arrow           Conj/Erth      38%        3d9       5%          3
b - Searing Ray           Conj           44%        2d6       1%          2
d - Arcjolt               Conj/Air       9%         1d19      38%         5

Your spell library contained the following spells:

 Spells                   Type           Power      Damage    Failure   Level
 Magic Dart               Conj           88%        1d7       1%          1
 Poisonous Vapours        Pois/Air       20%        N/A       14%         2
 Dazzling Flash           Conj/Hex       26%        N/A       19%         3
 Vhi's Electric Charge    Tloc/Air       20%        N/A       28%         3
 Apportation              Tloc           8%         N/A       36%         1
 Beastly Appendage        Tmut           8%         N/A       36%         1
 Necrotise                Necr           16%        1d4       36%         1
 Slow                     Hex            16%        N/A       36%         1
 Sting                    Tmut/Pois      16%        1d3       36%         1
 Summon Small Mammal      Summ           16%        N/A       36%         1
 Ensorcelled Hibernation  Hex/Ice        8%         N/A       50%         2
 Lesser Beckoning         Tloc           8%         N/A       50%         2
 Wereblood                Tmut           4%         N/A       50%         2
 Fulminant Prism          Conj/Hex       6%         3d6       52%         4
 Animate Armour           Summ/Erth      20%        N/A       73%         4
 Petrify                  Tmut/Erth      10%        N/A       73%         4
 Confusing Touch          Hex            4%         N/A       75%         3
 Gell's Gravitas          Tloc           4%         N/A       75%         3
 Ozocubu's Armour         Ice            4%         N/A       75%         3
 Portal Projectile        Hex/Tloc       8%         N/A       75%         3
 Spider Form              Tmut/Pois      4%         N/A       75%         3
 Teleport Other           Tloc           4%         N/A       75%         3
 Tukima's Dance           Hex            4%         N/A       75%         3
 Vampiric Draining        Necr           4%         2d6       75%         3
 Freezing Cloud           Conj/Ice/Air   7%         6-21      77%         5
 Silence                  Hex/Air        5%         N/A       95%         5
 Anguish                  Hex/Necr       2%         N/A       98%         4
 Olgreb's Toxic Radiance  Pois           4%         N/A       98%         4
 Agony                    Necr           4%         N/A       100%        5
 Blade Hands              Tmut           2%         N/A       100%        5
 Metabolic Englaciation   Hex/Ice        2%         N/A       100%        5
 Simulacrum               Ice/Necr       2%         N/A       100%        6
 Statue Form              Tmut/Erth      6%         N/A       100%        6
 Enfeeble                 Hex            2%         N/A       100%        7
 Ozocubu's Refrigeration  Ice            2%         4d7       100%        7
 Storm Form               Tmut/Air       5%         N/A       100%        7
 Lehudib's Crystal Spear  Conj/Erth      9%         10d4      100%        8
 Maxwell's Capacitive Co  Air            8%         ∞         100%        8
 Polar Vortex             Ice            2%         N/A       100%        9


Dungeon Overview and Level Annotations

Branches:
Dungeon (15/15)            Temple (1/1) D:4            Lair (5/5) D:8
  Swamp (4/4) Lair:3       Spider (4/4) Lair:3        Slime (0/5) Lair:4
    Orc (2/2) D:11            Elf (1/3) Orc:2        Vaults (0/5) D:13
 Depths (0/4) D:15          IceCv (1/1)             Gauntlet (visited)

Altars:
Ashenzari
Cheibriados
Dithmenos
Fedhas
Gozag
Hepliaklqana
Kikubaaqudgha
Makhleb
Nemelex Xobeh
Okawaru
Qazlal
Ru
Sif Muna
Trog
Uskayaw
Vehumet
Wu Jian
Xom
Yredelemnul
Jiyva

Shops:
D:3 [==*   D:10 *   Orc:2 [*:(

Portals:
Hell: Lair:5
Trove: D:15 (give +5 demon whip)

Annotations:
D:11 2 transporters, kd29's ghost, journeyman GrEE


Innate Abilities, Weirdness & Mutations

Your life essence is reduced to manifest your ancestor. (-10% HP)
You have a pair of large antennae on your head. (SInv)
You are mostly covered in rugged brown scales. (AC +2, +5% HP)
You regenerate a lot of health from kills.
You are robust. (+10% HP)
You are mostly covered in sharp spines.
You are dopey. (Int -2)
You expend magic power (3 MP) to strengthen your wands.


Message History

The Ice Fiend is struck by your spines. The Ice Fiend misses you.
You block the Ice Fiend's attack.
Inhapi hits the Ice Fiend but does no damage.
You puncture the Ice Fiend!
The Ice Fiend is moderately wounded.
Inhapi hits the Ice Fiend with a +0 dagger of draining.
You block the Ice Fiend's attack. The Ice Fiend claws you.
The Ice Fiend freezes you! You resist.
You barely miss the Ice Fiend.
The Ice Fiend is heavily wounded.
Inhapi hits the Ice Fiend but does no damage.
You hit the Ice Fiend but do no damage.
The Ice Fiend is heavily wounded.
Inhapi hits the Ice Fiend but does no damage.
The Ice Fiend calls on the powers of darkness!
Your body is wracked with pain!
* * * LOW HITPOINT WARNING * * *
You hit the Ice Fiend but do no damage.
The Ice Fiend is heavily wounded.
Inhapi hits the Ice Fiend with a +0 dagger of draining.
Inhapi hits the Ice Fiend with a +0 dagger of draining!
You puncture the Ice Fiend!
The Ice Fiend is severely wounded.
The Ice Fiend claws you.
* * * LOW HITPOINT WARNING * * *
The Ice Fiend freezes you! You resist.
* * * LOW HITPOINT WARNING * * *
You block the Ice Fiend's attack.
Inhapi hits the Ice Fiend with a +0 dagger of draining.
Aiming: Throw Flame
Press: ? - help, Shift-Dir - straight line, f - Ice Fiend
Aim: an Ice Fiend (severely wounded, not watching you, ally target, 89% to hit)
You feel a surge of power!
The puff of flame hits the Ice Fiend.
The Ice Fiend is burned terribly!
The Ice Fiend is severely wounded.
Inhapi hits the Ice Fiend with a +0 dagger of draining.
You block the Ice Fiend's attack. The Ice Fiend claws you.
* * * LOW HITPOINT WARNING * * *
The Ice Fiend freezes you! You resist.
You die...

#..##.#.##
#..§#...####..#
#..#....##
#...#....1....#
#..##.†..#
#.#.#....R.{.##
##..#....###...###..#..##
#..##..[##......##.#..#
##..#.)##..#.....#.#..#
#..####..###.......###
##.###...###R.......#
##..#......@1......#
#....######......##
##..## ##.....# ####
##...## ##.## ###


You could see the friendly Inhapi the hexer and an Ice Fiend (ally target).

Vanquished Creatures
  A bone dragon (Swamp:4)
  Jorgrun (Swamp:3)
  Frances (Swamp:2)
  2 thorn hunters
  Roxanne (Swamp:4)
  The ghost of Newt the Spear-Bearer, an adept DsGl of Gozag (Spider:4)
  7 emperor scorpions (Spider:4)
  2 orc warlords
  Aizul (Spider:1)
  2 ghost moths (Spider:4)
  A broodmother (Spider:4)
  11 eleionomae
  A minotaur (Gauntlet)
  2 spark wasps
  3 bunyips
  3 entropy weavers
  2 shambling mangroves
  3 vault guards (D:13)
  2 jorogumos
  3 alligators (Swamp:2)
  8 hydras
  A catoblepas (Lair:1)
  Erica (D:8)
  2 ghost crabs (Swamp:4)
  3 two-headed ogres
  2 radroaches
  3 boulder beetles
  7 centaur warriors
  2 tengu warriors
  5 death yaks (Lair:4)
  A two-headed ogre (shapeshifter) (D:15)
  A dancing weapon (Elf:1)
  7 orc high priests
  A sun demon (Lair:5)
  3 deep elf knights
  5 pharaoh ants (Spider:4)
  7 skeletal warriors
  A death drake (Swamp:4)
  2 sun moths
  2 spriggan druids (Swamp:2)
  4 goliath frogs
  6 swamp dragons
  6 orb spiders
  A wizard (D:15)
  9 bog bodies
  An obsidian statue (IceCv)
  3 spectral hydras (Swamp:4)
  2 spriggan simulacra (IceCv)
  An orc knight (Orc:2)
  An orange crystal statue (IceCv)
  2 lindwurms (Lair:4)
  A steelbarb worm (Spider:4)
  16 wolf spiders
  9 deep elf pyromancers
  14 ugly things
  5 deep elf zephyrmancers
  An orc sorcerer (Orc:2)
  3 will-o-the-wisps
  4 cyclopes
  6 manticores
  A worldbinder (Gauntlet)
  4 moths of wrath
  8 demonic crawlers
  2 elephants (Lair:2)
  Joseph (Lair:1)
  5 black mambas
  A smoke demon (Lair:5)
  A gargoyle (D:11)
  6 rime drakes (Lair:5)
  9 cane toads
  3 torpor snails
  2 unseen horrors
  6 freezing wraiths (IceCv)
  An efreet (D:14)
  3 kobold demonologists
  2 tengu conjurers
  2 komodo dragons (Lair:5)
  2 swamp worm zombies (Swamp:4)
  A hydra zombie (Swamp:4)
  6 ice devils
  A guardian mummy (D:15)
  A red devil (Lair:5)
  A merfolk (D:15)
  3 meliai (Spider:3)
  6 trolls
  A large abomination (Gauntlet)
  3 tyrant leeches
  2 polar bears
  3 spectral swamp dragons (Swamp:4)
  Prince Ribbit (D:8)
  21 tarantellas
  4 dream sheep
  10 hornets
  10 blink frogs
  6 alligator zombies (Swamp:4)
  19 jumping spiders
  22 culicivoras
  4 slime creatures
  A vampire (D:8)
  7 spriggans
  A shadow (D:11)
  4 wyverns
  3 hogs (Swamp:2)
  42 redbacks
  46 yaks
  2 dire elephant simulacra (IceCv)
  5 basilisks
  A fire elemental (Elf:1)
  7 humans (D:13)
  5 wraiths
  6 vampire mosquitoes
  5 minotaur simulacra (IceCv)
  3 wargs
  Menkaure (D:5)
  3 acid dragons
  A harpy simulacrum (IceCv)
  14 swamp worms
  12 water moccasins
  7 hell hounds (Lair:5)
  4 hexers
  25 orc warriors
  2 sky beasts (D:6)
  An alligator simulacrum (IceCv)
  A swamp drake (Swamp:1)
  4 black bears
  3 swamp dragon zombies (Swamp:4)
  6 ogres
  3 boggarts (Gauntlet)
  14 wolves
  16 centaurs
  5 phantoms
  2 kobold brigands (D:13)
  A necrophage (D:8)
  A scorpion (D:6)
  11 bullfrogs
  A gnoll sergeant (D:6)
  A deep troll simulacrum (IceCv)
  A wight (D:9)
  2 lindwurm simulacra (IceCv)
  A killer bee (D:8)
  A howler monkey (D:9)
  3 electric eels
  A centaur zombie (D:8)
  8 hounds
  4 jellies
  12 orc priests
  A gnoll bouda (D:6)
  Ijyb (D:5)
  4 iguanas
  14 orc wizards
  7 hell rats (Lair:5)
  A howler monkey zombie (D:8)
  Robin (D:2)
  6 adders
  7 gnolls
  4 shadow imps
  An ufetubus (D:6)
  4 worms
  2 dart slugs
  58 orcs
  3 ball pythons
  2 bats
  10 endoplasms
  2 giant cockroaches
  18 goblins
  13 hobgoblins
  10 jackals
  3 quokkas
  4 frilled lizards
  7 kobolds
  6 rats
  A briar patch (Swamp:3)
  A bush (D:15)
894 creatures vanquished.

Vanquished Creatures (collateral kills)
  A tentacled monstrosity (Swamp:4)
  An Ice Fiend (IceCv)
  Kirke (Swamp:2)
  A deep elf sorcerer (Elf:1)
  2 eleionomae
  A bunyip (Swamp:3)
  2 entropy weavers
  A vault guard (D:13)
  4 hydras
  A radroach (Spider:3)
  2 boulder beetles
  A centaur warrior (D:15)
  A tengu warrior (D:15)
  A two-headed ogre (D:9)
  An alligator (Swamp:3)
  An orc high priest (Orc:2)
  A skeletal warrior (D:14)
  3 swamp dragons
  4 orb spiders
  The ghost of TheSexyCheese the Conjurer, a novice DrCj of Sif Muna (D:8)
  A bog body (Swamp:4)
  3 deep elf zephyrmancers
  A wizard (Lair:5)
  A necromancer (Gauntlet)
  2 orc knights
  A spectral hydra (Swamp:4)
  A steelbarb worm (Spider:2)
  A wolf spider (Spider:1)
  An orc sorcerer (Orc:2)
  A will-o-the-wisp (Swamp:3)
  5 ugly things
  A manticore (D:14)
  2 elephants (Lair:2)
  2 demonic crawlers
  An orange demon (Lair:5)
  An unseen horror (D:12)
  A torpor snail (Spider:1)
  3 black mambas
  6 cane toads
  Maggie (D:8)
  A yaktaur (shapeshifter) (D:13)
  A kobold demonologist (D:13)
  2 rime drakes (Lair:5)
  An ice devil (IceCv)
  A freezing wraith (IceCv)
  6 komodo dragons
  A tengu conjurer (D:15)
  4 trolls
  3 hydra zombies (Swamp:4)
  5 tarantellas
  3 tyrant leeches
  A hornet (Swamp:3)
  6 blink frogs
  A dream sheep (Lair:4)
  A spectral swamp dragon (Swamp:4)
  An alligator zombie (Swamp:4)
  2 jumping spiders
  2 slime creatures
  A shadow (D:9)
  5 culicivoras
  2 spriggans
  A water elemental (Elf:1)
  7 yaks
  3 basilisks
  15 redbacks
  3 wargs
  A minotaur simulacrum (IceCv)
  An acid dragon (D:13)
  A water moccasin (Lair:5)
  9 orc warriors
  2 black bears
  3 centaurs
  4 ogres
  3 wolves
  A small abomination (Gauntlet)
  A kobold brigand (D:11)
  6 bullfrogs
  A necrophage (D:6)
  A gnoll sergeant (D:6)
  4 wights (D:9)
  3 killer bees (D:8)
  2 jellies
  2 orc priests
  6 orc wizards
  A mummy (D:8)
  A gnoll (D:6)
  A white imp (D:8)
  10 orcs
  3 kobolds
  A bush (Lair:5)
214 creatures vanquished.

Vanquished Creatures (others)
  Nessos (Orc:2)
  A boulder beetle (Spider:1)
  A phantasmal warrior (Swamp:4)
  A deep elf pyromancer (Elf:1)
  5 bloated husks
  A tyrant leech (Swamp:4)
  A human (D:13)
  A redback (Spider:1)
  3 phantoms (Swamp:4)
  54 hexers
  3 ancestors (D:6)
  An orc (Elf:1)
  2 briar patches (Swamp:3)
  5 bushes
  A demonic plant (Gauntlet)
  12 foxfires
  37 fungi
  54 plants
  A withered plant (D:2)
185 creatures vanquished.

Grand Total: 1293 creatures vanquished

Notes
Turn   | Place    | Note
-------+----------+-------------------------------------------
     0 | D:1      | voltaire321 the Demonspawn Artificer began the quest for
                  | the Orb.
     0 | D:1      | Reached XP level 1. HP: 15/15 MP: 1/1
    21 | D:1      | Reached skill level 1 in Dodging
    21 | D:1      | Reached skill level 1 in Stealth
   136 | D:1      | Gained mutation: You are partially covered in sharp spines.
                  | [demonic ancestry]
   136 | D:1      | Reached XP level 2. HP: 21/21 MP: 2/2
   236 | D:1      | Learned a level 1 spell: Magic Dart
   655 | D:1      | Gained mutation: You are partially covered in rugged brown
                  | scales. (AC +1, +3% HP) [demonic ancestry]
   655 | D:1      | Reached XP level 3. HP: 11/26 MP: 3/3
   915 | D:2      | Found a faded altar of an unknown god.
  1027 | D:2      | Gained mutation: You regenerate a little health from kills.
                  | [demonic ancestry]
  1027 | D:2      | Reached XP level 4. HP: 22/33 MP: 0/4
  1038 | D:2      | Reached skill level 1 in Conjurations
  1204 | D:2      | Reached skill level 2 in Fighting
  1264 | D:2      | Noticed Robin
  1326 | D:2      | Reached skill level 1 in Spellcasting
  1342 | D:2      | Killed Robin
  1793 | D:3      | Found Seturini's Jewellery Shoppe.
  1836 | D:3      | Gained mutation: You are mostly covered in rugged brown
                  | scales. (AC +2, +5% HP) [demonic ancestry]
  1836 | D:3      | Reached XP level 5. HP: 17/39 MP: 1/6
  2181 | D:3      | Learned a level 2 spell: Searing Ray
  2355 | D:3      | Found Siorr's Assorted Antiques.
  2361 | D:3      | Bought a buckler for 99 gold pieces
  2501 | D:3      | Found Maifiem's Jewellery Shoppe.
  2573 | D:3      | Found Ovath's Antique Armour Shop.
  2796 | D:4      | Found a hazy altar of Hepliaklqana.
  2907 | D:4      | Found a staircase to the Ecumenical Temple.
  3241 | D:4      | Noticed a phantom
  3257 | D:4      | Killed a phantom
  3258 | D:4      | Reached XP level 6. HP: 43/48 MP: 8/8
  3595 | D:4      | Reached skill level 1 in Shields
  3976 | Temple   | Entered the Ecumenical Temple
  4164 | D:4      | Became a worshipper of Hepliaklqana the Forgotten
  4220 | D:5      | Entered Level 5 of the Dungeon
  4502 | D:5      | Gained mutation: You regenerate health from kills. [demonic
                  | ancestry]
  4502 | D:5      | Reached XP level 7. HP: 53/53 MP: 7/10
  4538 | D:5      | Noticed Ijyb
  4606 | D:5      | Paralysed by Ijyb for 3 turns
  4620 | D:5      | Killed Ijyb
  4631 | D:5      | Reached skill level 3 in Fighting
  4703 | D:5      | Noticed Menkaure
  4710 | D:5      | Killed Menkaure
  4716 | D:5      | Identified the +9 spear "Rosos" {heavy, rN+ Int+2 Dex+3}
  4953 | D:5      | Reached skill level 1 in Polearms
  5059 | D:5      | Reached * piety under Hepliaklqana
  5286 | D:6      | Gained mutation: You have a pair of small antennae on your
                  | head. [demonic ancestry]
  5286 | D:6      | Reached XP level 8. HP: 55/55 MP: 10/12
  5378 | D:6      | Found a sparkling altar of Nemelex Xobeh.
  5405 | D:6      | Found an ancient bone altar of Kikubaaqudgha.
  5458 | D:6      | Identified the +1 leather armour of Fedhas's Wrath {rElec}
  5606 | D:6      | Noticed a manticore
  5608 | D:6      | Reached skill level 1 in Invocations
  5608 | D:6      | Reached skill level 5 in Evocations
  5612 | D:6      | Reached skill level 4 in Fighting
  5615 | D:6      | Killed a manticore
  5624 | D:6      | Reached XP level 9. HP: 37/61 MP: 14/14
  5650 | D:6      | Noticed an angel
  5696 | D:6      | Found a shimmering altar of Xom.
  5844 | D:6      | Identified the amulet "Sicaixka" {Reflect rN+ SH+5 Stlth+}
  5975 | D:6      | Found a broken altar of Ashenzari.
  6667 | D:7      | Reached ** piety under Hepliaklqana
  6668 | D:7      | Remembered your ancestor Inhapi as a hexer
  6677 | D:7      | Found a bloodstained altar of Trog.
  6713 | D:7      | Found a sacrificial altar of Ru.
  6991 | D:8      | Noticed Prince Ribbit
  6997 | D:8      | Killed Prince Ribbit
  7064 | D:8      | Noticed Erica
  7072 | D:8      | Killed Erica
  7073 | D:8      | Reached skill level 5 in Fighting
  7073 | D:8      | Reached skill level 5 in Armour
  7091 | D:8      | Gained mutation: You regenerate a lot of health from kills.
                  | [demonic ancestry]
  7091 | D:8      | Reached XP level 10. HP: 41/70 MP: 16/16
  7238 | D:8      | Reached skill level 5 in Conjurations
  7330 | D:8      | Found a staircase to the Lair.
  7383 | D:8      | Reached skill level 5 in Dodging
  7478 | D:8      | Found a snail-covered altar of Cheibriados.
  7607 | D:8      | Reached skill level 5 in Invocations
  7755 | D:8      | Found a runed translucent gate.
  7755 | D:8      | Found a runed translucent gate.
  7755 | D:8      | Found a runed translucent gate.
  7755 | D:8      | Noticed TheSexyCheese's ghost (novice DrCj)
  7757 | D:8      | Found a basalt altar of Yredelemnul.
  7774 | D:8      | Killed TheSexyCheese's ghost
  7775 | D:8      | Reached skill level 5 in Spellcasting
  7839 | D:8      | Found a large runed translucent door.
  7839 | D:8      | Found a large runed translucent door.
  7954 | D:8      | Noticed Maggie
  7963 | D:8      | Killed Maggie
  8061 | D:8      | Found a radiant altar of Vehumet.
  8161 | D:9      | Noticed a two-headed ogre
  8166 | D:9      | Killed a two-headed ogre
  8167 | D:9      | Reached skill level 6 in Fighting
  8167 | D:9      | Reached skill level 5 in Shields
  8175 | D:9      | Reached skill level 5 in Polearms
  8218 | D:9      | Reached *** piety under Hepliaklqana
  8297 | D:9      | Found an ornate altar of the Wu Jian Council.
  8498 | D:9      | Noticed a manticore
  8511 | D:9      | Killed a manticore
  8512 | D:9      | Gained mutation: You are robust. (+10% HP) [demonic
                  | ancestry]
  8512 | D:9      | Reached XP level 11. HP: 60/86 MP: 18/18
  9087 | D:10     | Entered Level 10 of the Dungeon
  9381 | D:10     | Found an opulent altar of Gozag.
  9384 | D:10     | Found Gozag's Platinum Reserve.
  9533 | D:10     | Reached **** piety under Hepliaklqana
 10009 | D:10     | Noticed a two-headed ogre
 10016 | D:10     | Noticed an eight-headed hydra
 10021 | D:10     | Killed a two-headed ogre
 10022 | D:10     | Reached skill level 7 in Fighting
 10029 | D:10     | Killed an eight-headed hydra
 10356 | Lair:1   | Entered Level 1 of the Lair of Beasts
 10498 | Lair:1   | Noticed a catoblepas
 10529 | Lair:1   | Killed a catoblepas
 10857 | Lair:1   | Reached XP level 12. HP: 95/95 MP: 19/19
 10901 | Lair:1   | Noticed Joseph
 10905 | Lair:1   | Killed Joseph
 11241 | Lair:2   | Reached ***** piety under Hepliaklqana
 11347 | Lair:2   | Reached skill level 8 in Fighting
 12445 | Lair:3   | Found a staircase to the Swamp.
 12463 | Lair:3   | Reached skill level 10 in Invocations
 12803 | Lair:3   | Found a hole to the Spider Nest.
 12989 | Lair:3   | Noticed an eight-headed hydra
 12997 | Lair:3   | Killed an eight-headed hydra
 12998 | Lair:3   | Reached skill level 9 in Fighting
 12998 | Lair:3   | Gained mutation: You have a pair of antennae on your head.
                  | [demonic ancestry]
 12998 | Lair:3   | Reached XP level 13. HP: 68/106 MP: 20/20
 13416 | Lair:4   | Found a viscous altar of Jiyva.
 13416 | Lair:4   | Found a staircase to the Slime Pits.
 15005 | Lair:4   | Reached skill level 10 in Fighting
 15005 | Lair:4   | Gained mutation: You have a pair of large antennae on your
                  | head. (SInv) [demonic ancestry]
 15005 | Lair:4   | Reached XP level 14. HP: 115/115 MP: 21/21
 15007 | Lair:5   | Entered Level 5 of the Lair of Beasts
 15469 | Lair:5   | Reached skill level 10 in Dodging
 15711 | Lair:5   | Reached skill level 11 in Fighting
 16222 | Lair:5   | Reached skill level 10 in Polearms
 16222 | Lair:5   | Reached skill level 10 in Shields
 16246 | Lair:5   | Found a burning altar of Makhleb.
 16269 | Lair:5   | Gained mutation: You are mostly covered in sharp spines.
                  | [demonic ancestry]
 16269 | Lair:5   | Reached XP level 15. HP: 124/124 MP: 22/22
 16592 | Lair:5   | Found a gateway to Hell.
 16814 | D:11     | Found a transporter.
 16875 | D:11     | Noticed kd29's ghost (journeyman GrEE)
 16877 | D:11     | Found a transporter.
 17105 | D:11     | Reached ****** piety under Hepliaklqana
 17238 | D:11     | Found a staircase to the Orcish Mines.
 19326 | D:13     | Reached skill level 12 in Fighting
 19603 | D:13     | Found a gate to the Vaults.
 21429 | D:15     | Entered Level 15 of the Dungeon
 21683 | D:15     | Found a portal to a secret trove of treasure.
 21739 | D:15     | Found a gate leading to a gauntlet.
 21743 | Gauntlet | Entered a Gauntlet
 21743 | Gauntlet | Found a transporter.
 21743 | Gauntlet | Found a transporter.
 21766 | Gauntlet | Found a transporter.
 21782 | Gauntlet | Found a transporter.
 21782 | Gauntlet | Found a transporter.
 21785 | Gauntlet | Found a transporter.
 21786 | Gauntlet | Found a transporter.
 21788 | Gauntlet | Found a transporter.
 21790 | Gauntlet | Found a runed translucent door.
 21799 | Gauntlet | Found a transporter.
 21813 | Gauntlet | Found a transporter.
 21815 | Gauntlet | Found a runed translucent door.
 21823 | Gauntlet | Found a transporter.
 21833 | Gauntlet | Found a transporter.
 21876 | Gauntlet | Found a transporter.
 21889 | Gauntlet | Found a transporter.
 22212 | Gauntlet | Reached XP level 16. HP: 135/135 MP: 25/25
 22221 | Gauntlet | Identified the +0 helmet of Stoicism {rC+ rN+ rCorr Int+4}
 22247 | Gauntlet | Identified the ring "Yntof" {+Blink rPois rF+ rN++ Int-3}
 22686 | D:15     | Found a staircase to the Depths.
 23348 | Orc:1    | Entered Level 1 of the Orcish Mines
 23349 | Orc:1    | You fall into a shaft and drop 1 floor!
 23349 | Orc:2    | Entered Level 2 of the Orcish Mines
 23349 | Orc:2    | Found Igent's Antique Armour Shoppe.
 23351 | Orc:2    | Found Ukoar's Book Boutique.
 23424 | Orc:2    | Paralysed by an orc sorcerer for 4 turns
 23527 | Orc:2    | Found Faxzocel's Antique Weapon Emporium.
 23582 | Orc:2    | Found a staircase to the Elven Halls.
 23588 | Orc:2    | Found Limocuk's General Store.
 23866 | Orc:1    | Reached skill level 13 in Fighting
 24087 | Orc:2    | Bought a scroll of teleportation for 39 gold pieces
 24165 | Orc:2    | Noticed Nessos
 24175 | Orc:2    | Killed Nessos
 24608 | Orc:2    | Upgraded the game from 0.30-a0-652-gcc886f7154 to
                  | 0.30-a0-672-gc3a7216ad8
 24837 | Swamp:1  | Entered Level 1 of the Swamp
 25841 | Swamp:2  | Learned a level 3 spell: Stone Arrow
 25994 | Swamp:2  | Reached skill level 1 in Earth Magic
 26022 | Swamp:2  | Noticed Kirke
 26026 | Swamp:2  | Noticed a sphinx
 26027 | Swamp:2  | Noticed Frances
 26057 | Swamp:2  | Killed Frances
 26808 | Swamp:2  | Killed Kirke
 26907 | Swamp:3  | Reached XP level 17. HP: 120/144 MP: 29/29
 27380 | Swamp:3  | Noticed Jorgrun
 27390 | Swamp:3  | Killed Jorgrun
 27391 | Swamp:3  | Reached skill level 14 in Fighting
 27703 | Swamp:4  | Entered Level 4 of the Swamp
 27799 | Swamp:4  | Noticed a tentacled monstrosity
 27801 | Swamp:4  | Identified Roxanne's Vademecum on Variation
 27801 | Swamp:4  | Noticed Roxanne
 27816 | Swamp:4  | Killed a tentacled monstrosity
 28548 | Swamp:4  | Killed Roxanne
 29527 | Swamp:4  | Noticed a bone dragon
 29557 | Swamp:4  | Killed a bone dragon
 29912 | Swamp:4  | Got a decaying rune of Zot
 30233 | Spider:1 | Entered Level 1 of the Spider Nest
 30587 | Lair:3   | Reached skill level 5 in Earth Magic
 30599 | Lair:3   | HP: 4/147 [wolf spider (4)]
 30961 | Lair:3   | Learned a level 5 spell: Arcjolt
 31052 | Spider:1 | Noticed Aizul
 31078 | Spider:1 | Killed Aizul
 31302 | Spider:1 | Reached skill level 1 in Air Magic
 31504 | Spider:1 | Identified the +9 halberd of the Curious Loafs {freeze,
                  | Int-4 Dex+10}
 33091 | Spider:3 | Reached XP level 18. HP: 84/154 MP: 1/30
 33428 | Spider:3 | Gained mutation: You passively map a small area around you.
                  | [mutagenic glow]
 33442 | Spider:3 | Gained mutation: Your body sometimes deteriorates upon
                  | taking damage. [mutagenic glow]
 34479 | Spider:4 | Entered Level 4 of the Spider Nest
 34967 | Spider:4 | Found a runed translucent door.
 34970 | Spider:4 | Noticed Newt's ghost (adept DsGl)
 35016 | Spider:4 | Killed Newt's ghost
 35412 | Spider:4 | Reached skill level 5 in Air Magic
 35451 | Spider:4 | Reached skill level 15 in Fighting
 35482 | Spider:4 | Lost mutation: You passively map a small area around you.
                  | [potion of mutation]
 35482 | Spider:4 | Lost mutation: Your body sometimes deteriorates upon taking
                  | damage. [potion of mutation]
 35482 | Spider:4 | Gained mutation: You have hidden genetic defects. [potion
                  | of mutation]
 35482 | Spider:4 | Gained mutation: Your mind is acute. (Int +4, Str/Dex -1)
                  | [potion of mutation]
 35482 | Spider:4 | Gained mutation: You expend magic power (3 MP) to
                  | strengthen your wands. [potion of mutation]
 35483 | Spider:4 | Lost mutation: You expend magic power (3 MP) to strengthen
                  | your wands. [potion of mutation]
 35483 | Spider:4 | Lost mutation: You have hidden genetic defects. [potion of
                  | mutation]
 35483 | Spider:4 | Gained mutation: You occasionally lose the ability to read
                  | scrolls when taking damage. [potion of mutation]
 35483 | Spider:4 | Gained mutation: Your magical capacity is low. (-10% MP)
                  | [potion of mutation]
 35484 | Spider:4 | Lost mutation: Your mind is acute. (Int +4, Str/Dex -1)
                  | [potion of mutation]
 35484 | Spider:4 | Lost mutation: You occasionally lose the ability to read
                  | scrolls when taking damage. [potion of mutation]
 35484 | Spider:4 | Lost mutation: Your magical capacity is low. (-10% MP)
                  | [potion of mutation]
 35484 | Spider:4 | Gained mutation: Your skin changes colour to match your
                  | surroundings (Stealth+). [potion of mutation]
 35484 | Spider:4 | Gained mutation: Your magical capacity is low. (-10% MP)
                  | [potion of mutation]
 35484 | Spider:4 | Gained mutation: You are dopey. (Int -2) [potion of
                  | mutation]
 35484 | Spider:4 | Gained mutation: Your system is resistant to poisons.
                  | (rPois) [potion of mutation]
 35485 | Spider:4 | Lost mutation: Your skin changes colour to match your
                  | surroundings (Stealth+). [potion of mutation]
 35485 | Spider:4 | Lost mutation: Your magical capacity is low. (-10% MP)
                  | [potion of mutation]
 35485 | Spider:4 | Lost mutation: Your system is resistant to poisons. (rPois)
                  | [potion of mutation]
 35485 | Spider:4 | Gained mutation: You expend magic power (3 MP) to
                  | strengthen your wands. [potion of mutation]
 36111 | Spider:4 | Got a gossamer rune of Zot
 36471 | Elf:1    | Entered Level 1 of the Elven Halls
 36833 | Elf:1    | Found a frozen archway.
 36898 | IceCv    | Entered an ice cave
 37240 | IceCv    | Identified the +0 hat of the Vaults {rF+ Str-2 Stlth+}
 37563 | IceCv    | Noticed an Ice Fiend
 37563 | IceCv    | Noticed an Ice Fiend
 37638 | IceCv    | HP: 7/156 [Ice Fiend/bolt of cold (11)]
 37638 | IceCv    | Killed an Ice Fiend
 38004 | IceCv    | Slain by an Ice Fiend

Illustrated notes

Levels and vault maps discovered:
D:1:      spicycebolla_arrival_risky_transporter, layout_basic,
          minmay_split_cup_large
D:2:      layout_loops_cross, ebering_ecumenical_altar_petrified, uniq_robin
D:3:      wander_river, layout_loops_ring, serial_shops, shop, shop,
          shop_fountains, nicolae_shop_trees
D:4:      layout_layer_cave, old_standard_altar, temple_statues
D:5:      layout_basic, wad_floor_pattern_untrapped, serial_bayou_crossing,
          uniq_menkaure, uniq_ijyb
D:6:      minmay_opposing_rooms, layout_rooms,
          grunt_temple_overflow_order_and_chaos_1, old_standard_altar,
          general_overflow_altar, kennysheep_mini_moat, minmay_starry_boxes
D:7:      layout_loops_cross, mainiacjoe_overflow_big_doors
D:8:      layout_gridville, slow_altar_2, nicolae_yredelemnul_ghost_church,
          jmf_multi_god_temple2, grunt_lair_entry_orc_guard_hut,
          grunt_decor_one_mirror, uniq_prince_ribbit1, uniq_maggie, uniq_erica
D:9:      layout_basic, nicolae_wu_jian_wuxing_cycle, minmay_misc_feat_rugged
D:10:     layout_roguey, nicolae_gozag_zags_fifth_avenue, minivault_25,
          kennysheep_just_a_vault
D:11:     layout_stronghold, david_orc_1_choice, gammafunk_ghost_arena,
          tso_metal_star
D:12:     layout_basic
D:13:     layout_roguey, ximxim_vaults_locker_room
D:14:     layout_long_grid, chequers_serial_rivers_micro_d
D:15:     hangedman_depths_entry_try_elsewhere_first, layout_basic,
          gauntlet_entry_generic, minmay_hedge_maze,
          nicolae_trove_entry_path_of_doom, zin_statuary
Temple:   hellmonk_temple_flake
Lair:1:   layout_regular_city, infiniplex_staircase_pool, uniq_joseph
Lair:2:   layout_long_grid, forest_entry_grove
Lair:3:   layout_roguey, skrybe_swamp_entry_bodies,
          nicolae_spider_entry_orb_guardian, grunt_forest_stairs_basic
Lair:4:   layout_regular_city, minmay_slime_entry_pillars,
          nicolae_lair_lindhole, grunt_megastairs_5
Lair:5:   evil_forest, layout_gridlike, special_room
          [special_room_mythical_zoo], serial_bayou_lagoon_b
Swamp:1:  nicolae_swamp_wrong_neighborhood, layout_falls_marsh,
          hangedman_swamp_ruin_wall, swamp_pool2
Swamp:2:  layout_falls_marsh, evilmike_swamp_ruin_rubble_1, uniq_kirke,
          uniq_frances
Swamp:3:  layout_basic_swamp, evilmike_swamp_ruin_house_1, swamp_pool2,
          uniq_jorgrun
Swamp:4:  swamp_pestilence, layout_basic_swamp, uniq_roxanne
Spider:1: layout_spider_delve, uniq_aizul
Spider:2: layout_cave_pods, drop_trap
Spider:3: layout_spider_delve, nicolae_spider_twisty_arc_passages
Spider:4: grunt_spider_rune_circles, ebering_ghost_inner_flame
Orc:1:    layout_diamond_mine
Orc:2:    grunt_orc_gardens, layout_diamond_mine, grunt_orc_garden,
          grunt_orc_garden, grunt_orc_garden, grunt_orc_garden, uniq_nessos
Elf:1:    minmay_elf_arrival_plus, layout_loops_cross,
          portal_ice_cave_entry_ugly_swarm,
          hangedman_elven_crosses_minicolossus, nicolae_elf_crossing_hall
IceCv:    ice_cave_small_demon

Skill      XL: |  1  2  3  4  5  6  7  8  9 10 11 12 13 14 15 16 17 18 |
---------------+-------------------------------------------------------+-----
Dodging        | 1 2 3 4 5 6 8 9 10 11 12 13 14 | 14.1
Stealth        | 1 |  1.3
Armour         | 2 3 4 5 6 7 |  7.0
Conjurations   | 1 2 3 4 6 7 8 9 |  9.0
Fighting       | 2 3 4 5 6 7 9 10 11 12 13 14 15 | 15.3
Spellcasting   | 1 2 3 4 5 6 8 |  8.0
Shields        | 1 2 3 4 5 6 7 9 10 11 12 13 | 13.9
Evocations     | 4 5 6 7 |  7.0
Polearms       | 1 3 4 5 6 7 9 10 11 12 | 12.0
Invocations    | 2 4 6 8 10 | 10.0
Earth Magic    | 2 5 6 |  6.0
Air Magic      | 2 6 |  6.9

Action                   |  1- 3 |  4- 6 |  7- 9 | 10-12 | 13-15 | 16-18 || total
-------------------------+-------+-------+-------+-------+-------+-------++-------
Melee: Club              |    15 |       |       |       |       |       ||    15
       Dagger            |    18 |       |       |       |       |       ||    18
       Staff             |    68 |   171 |    21 |       |       |       ||   260
       Punch             |     2 |     1 |       |       |       |       ||     3
       Spear             |       |       |   167 |    58 |       |       ||   225
       Lance             |       |       |       |   507 |  1327 |  2585 ||  4419
 Cast: Magic Dart        |     2 |    21 |    16 |    13 |    23 |       ||    75
       Searing Ray       |       |     1 |     3 |     3 |       |     1 ||     8
       Stone Arrow       |       |       |       |       |       |    69 ||    69
Invok: Ancestor Life: He |       |       |     1 |       |       |       ||     1
       Recall Ancestor   |       |       |       |       |     5 |     3 ||     8
 Abil: Evoke Blink       |       |       |       |       |       |     5 ||     5
Evoke: Wand              |     2 |       |       |     6 |       |    17 ||    25
  Use: Scroll            |       |       |       |    10 |    21 |    19 ||    50
       Potion            |       |       |       |       |     2 |    12 ||    14
 Stab: Sleeping          |     2 |     1 |     1 |    13 |    16 |    16 ||    49
       Confused          |       |       |     2 |    11 |    25 |    27 ||    65
       Distracted        |       |       |     1 |    10 |    21 |    31 ||    63
       Paralysed         |       |       |       |       |    62 |   144 ||   206
Armor: Leather armour    |    28 |    50 |    56 |   142 |   166 |   518 ||   960
Dodge: Dodged            |    47 |    84 |    91 |   163 |   302 |   942 ||  1629
Block: Buckler           |       |    12 |    57 |    14 |       |       ||    83
       Kite shield       |       |       |       |   327 |   614 |  2139 ||  3080
       Reflection        |       |       |       |     5 |    22 |    25 ||    52

Table legend: (Time is in decaauts)
 A = Elapsed time spent in this place.
 B = Non-inter-level travel time spent in this place.
 C = Inter-level travel time spent in this place.
 D = Time resting spent in this place.
 E = Time spent auto-exploring this place.
 F = Levels seen in this place.
 G = Mean time per level.
                   A        B        C        D        E       F      G
               +--------+--------+--------+--------+--------+-----+--------+
         Total |  37200 |  35015 |   2185 |   7312 |  16659 |  34 | 1094.1 |
       Dungeon |  16322 |  15169 |   1153 |   1725 |   9160 |  15 | 1088.1 |
        Temple |    172 |    172 |      0 |      0 |    134 |   1 |  172.0 |
          Lair |   7308 |   6904 |    404 |   1619 |   3354 |   5 | 1461.6 |
         Swamp |   5347 |   5058 |    289 |   2011 |   1429 |   4 | 1336.8 |
   Spider Nest |   4849 |   4637 |    212 |   1013 |   1989 |   4 | 1212.2 |
  Orcish Mines |   1475 |   1349 |    126 |    247 |    538 |   2 |  737.5 |
   Elven Halls |    133 |    133 |      0 |      0 |      0 |   1 |  133.0 |
      Ice Cave |   1026 |   1026 |      0 |    649 |     54 |   1 | 1026.0 |
      Gauntlet |    565 |    565 |      0 |     48 |      0 |   1 |  565.0 |
               +--------+--------+--------+--------+--------+-----+--------+

Top non-repeatable levels by time:
 Swamp:4: 2465 daAuts
  Lair:3: 1903 daAuts
  Lair:4: 1707 daAuts
Spider:4: 1556 daAuts
  Lair:5: 1506 daAuts
Spider:2: 1453 daAuts
     D:4: 1361 daAuts
    D:10: 1356 daAuts
    D:14: 1323 daAuts
  Lair:2: 1253 daAuts
    D:11: 1215 daAuts
     D:8: 1200 daAuts
    D:13: 1196 daAuts
 Swamp:1: 1169 daAuts
    D:15: 1160 daAuts
